 Dungeon Crawl Stone Soup version 0.18.1-6-gd335043 (webtiles) character file.

415 ololoev the Magician (level 6, -2/32 HPs)
             Began as a Deep Elf Ice Elementalist on May 19, 2016.
             Was a Follower of Vehumet.
             Slain by a centaur zombie (7 damage)
             ... in an ossuary.
             The game lasted 00:10:22 (3675 turns).

ololoev the Magician (Deep Elf Ice Elementalist)    Turns: 3675, Time: 00:10:23

Health: -2/32      AC:  3    Str:  8 (10) XL:     6   Next: 60%
Magic:  11/17      EV: 18    Int: 19 (22) God:    Vehumet [*.....]
Gold:   148        SH:  0    Dex: 17 (20) Spells: 4 memorised, 10 levels left

rFire  . . .     SeeInvis .     a - +2 short sword (elec)
rCold  . . .     Gourm    .     r - +0 robe {MR+}
rNeg   . . .     Faith    .     (no shield)
rPois  .         Spirit   .     (no helmet)
rElec  .         Dismiss  .     f - +0 cloak
rCorr  .         Reflect  .     (no gloves)
SustAt .         Harm     .     (no boots)
MR     +....                    (no amulet)
Stlth  +++.......               (no ring)
                                (no ring)

@: mighty, agile, marked, hasted, very quick, somewhat resistant to hostile
enchantments, fairly stealthy
A: no striking features
a: Renounce Religion

Inventory:

Hand Weapons
 a - a +2 short sword of electrocution (weapon)
Armour
 f - a +0 cloak (worn)
 r - a +0 robe of magic resistance (worn)
Wands
 s - a wand of random effects (15/48)
Scrolls
 g - 6 scrolls of identify {unknown}
 j - 2 scrolls of enchant armour {unknown}
 l - a scroll of immolation {unknown}
 m - a scroll of recharging {unknown}
 n - a scroll of blinking {unknown}
 o - a scroll of amnesia {unknown}
Books
 b - a book of Frost

   Spells                             Type                      Level
   a - Freeze                         Ice                          1
   b - Throw Frost                    Conjuration/Ice              2
   c - Ozocubu's Armour               Charms/Ice                   3
   d - Throw Icicle                   Conjuration/Ice              4
   e - Summon Ice Beast               Ice/Summoning                4
Comestibles
 c - 3 bread rations
 h - 3 meat rations
 q - a slice of pizza


   Skills:
 - Level 1.3 Armour
 - Level 2.4 Dodging
 - Level 2.4 Stealth
 * Level 6.6 Spellcasting
 * Level 4.6 Conjurations
 - Level 4.1 Ice Magic


You had 10 spell levels left. You knew the following spells: Your Spells Type Power Failure Level Hunger a - Freeze Ice ###. 1% 1 None b - Throw Frost Conj/Ice ###... 2% 2 None c - Throw Icicle Conj/Ice ###..... 17% 4 ####... d - Magic Dart Conj ###. 1% 1 None You were in an ossuary. You worshipped Vehumet. Vehumet was aware of your devotion. You were not hungry. You visited 1 branch of the dungeon, and saw 4 of its levels. You also visited: Ossuary. You collected 148 gold pieces. ################### ..................# ..................# ......8..8.Z..Z...# ........Z.ZZZ.Z...# .######..######ZZZ# #..# #ZZZ# #..# #@..# #..# #...# .... #...# ....## #...# ....# #...# ....# #...# #...# #...# #...#

Notes
Turn   | Place    | Note
--------------------------------------------------------------
     0 | D:1      | ololoev the Deep Elf Ice Elementalist began the quest for the Orb.
     0 | D:1      | Reached XP level 1. HP: 10/10 MP: 6/6
   175 | D:1      | Reached XP level 2. HP: 15/15 MP: 6/8
   192 | D:1      | Learned a level 2 spell: Throw Frost
   445 | D:1      | Reached skill level 4 in Spellcasting
  1077 | D:2      | Found a sparkling altar of Nemelex Xobeh.
  1078 | D:2      | Reached XP level 3. HP: 19/19 MP: 6/10
  1338 | D:2      | Found a blossoming altar of Fedhas.
  1465 | D:2      | Found a bloodstained altar of Trog.
  1816 | D:3      | Found a shattered altar of Ashenzari.
  1829 | D:3      | Reached XP level 4. HP: 24/24 MP: 0/12
  1922 | D:3      | Learned a level 4 spell: Throw Icicle
  1999 | D:3      | Found a radiant altar of Vehumet.
  2056 | D:3      | Became a worshipper of Vehumet
  2088 | D:3      | Reached skill level 5 in Spellcasting
  2088 | D:3      | Reached XP level 5. HP: 23/28 MP: 0/14
  2221 | D:3      | Reached skill level 1 in Armour
  2364 | D:3      | Found a shimmering altar of Xom.
  2369 | D:3      | Found a burning altar of Makhleb.
  2802 | D:3      | Found a faded altar to an unknown god.
  3001 | D:3      | Found a glowing golden altar of the Shining One.
  3106 | D:4      | Reached XP level 6. HP: 28/32 MP: 12/16
  3160 | D:4      | Reached * piety under Vehumet
  3160 | D:4      | Offered knowledge of Magic Dart by Vehumet.
  3160 | D:4      | Reached skill level 6 in Spellcasting
  3164 | D:4      | Learned a level 1 spell: Magic Dart
  3290 | D:4      | Found a sand-covered staircase.
  3406 | Ossuary  | Entered an ossuary
  3675 | Ossuary  | Slain by a centaur zombie

Dungeon Overview and Level Annotations

Branches:
Dungeon (4/15)
 Temple: D:4-7

Altars:
Ashenzari
Fedhas
Makhleb
Nemelex Xobeh
Trog
Vehumet
Xom
The Shining One


Message History

Confirm with . or Enter, or press ? or * to list all spells.
Aiming: Magic Dart
Press: ? - help, Shift-Dir - straight line, f - centaur zombie
Aim: a centaur zombie The magic dart hits the centaur zombie.
A centaur zombie comes into view.
Casting: Magic Dart
Confirm with . or Enter, or press ? or * to list all spells.
Aiming: Magic Dart
Press: ? - help, Shift-Dir - straight line, f/p - centaur zombie
Aim: a centaur zombie The magic dart hits the centaur zombie.
Casting: Magic Dart
Confirm with . or Enter, or press ? or * to list all spells.
Aiming: Magic Dart
Press: ? - help, Shift-Dir - straight line, f/p - centaur zombie
Aim: a centaur zombie The magic dart hits the centaur zombie.
A hobgoblin zombie comes into view.
Casting: Magic Dart
Confirm with . or Enter, or press ? or * to list all spells.
Aiming: Magic Dart
Press: ? - help, Shift-Dir - straight line, f/p - centaur zombie
Aim: a centaur zombie The magic dart hits the centaur zombie. 2 zombies come into view.
Casting: Magic Dart
Confirm with . or Enter, or press ? or * to list all spells.
Aiming: Magic Dart
Press: ? - help, Shift-Dir - straight line, f/p - centaur zombie
Aim: a centaur zombie The magic dart hits the centaur zombie.
The centaur zombie hits you.
Casting: Magic Dart
Confirm with . or Enter, or press ? or * to list all spells.
Aiming: Magic Dart
Press: ? - help, Shift-Dir - straight line, f/p - centaur zombie
Aim: a centaur zombie The magic dart hits the centaur zombie.
The centaur zombie hits you. The centaur zombie misses you.
The centaur zombie hits you.
You hit the centaur zombie. The centaur zombie barely misses you.
An orc zombie comes into view.
You hit the centaur zombie.
You destroy the centaur zombie!
Vehumet accepts your kill. The centaur zombie closely misses you.
The centaur zombie barely misses you.
A kobold zombie comes into view.
You hit the centaur zombie.
There is a sudden explosion of sparks!
The centaur zombie completely misses you.
The rat zombie closely misses you.
A hobgoblin zombie comes into view.
You hit the centaur zombie. The centaur zombie misses you.
The rat zombie barely misses you.
A human zombie comes into view.
You hit the centaur zombie. The centaur zombie hits you. x2
You hit the centaur zombie. The rat zombie misses you.
The centaur zombie hits you but does no damage.
A kobold zombie comes into view.
You hit the centaur zombie. The centaur zombie closely misses you.
The rat zombie barely misses you. The centaur zombie hits you!
A kobold zombie comes into view.
Drink which item? (? for menu, Esc to quit)
It was a potion of might.
You feel very mighty all of a sudden. The centaur zombie misses you.
The kobold zombie misses you. The centaur zombie barely misses you.
Drink which item? (? for menu, Esc to quit)
It was a potion of degeneration.
There was something very wrong with that liquid.
You feel weakened.
You feel dopey.
You feel clumsy.
The centaur zombie hits you but does no damage.
The kobold zombie barely misses you.
Drink which item? (? for menu, Esc to quit)
It was a potion of agility.
You feel agile all of a sudden. The centaur zombie misses you.
Drink which item? (? for menu, Esc to quit)
It was a potion of haste.
You feel yourself speed up. The centaur zombie hits you!
You die...

You could see a rat zombie, a hobgoblin zombie, 2 kobold zombies, 2 orc zombies, a centaur zombie and a human zombie.

Vanquished Creatures
  A jelly (D:3)
  A crimson imp (D:3)
  A centaur zombie (Ossuary)
  A hound (D:4)
  An orc priest (D:3)
  3 orc wizards
  A worker ant (D:4)
  A mummy (D:4)
  2 adders (D:3)
  An ooze (D:2)
  A worm (D:3)
  A dart slug (D:2)
  2 giant geckos
  12 orcs
  7 bats
  5 giant cockroaches
  9 goblins
  6 hobgoblins
  2 jackals (D:3)
  10 kobolds
  3 quokkas
  2 ball pythons
  5 giant newts
  2 hobgoblin zombies (Ossuary)
  A jackal zombie (Ossuary)
  6 kobold zombies (Ossuary)
  7 orc zombies (Ossuary)
  6 rats
100 creatures vanquished.

Action                   |  1- 3 |  4- 6 || total
-------------------------+-------+-------++-------
Melee: Unarmed           |     1 |       ||     1
       Short sword       |    34 |    15 ||    49
 Cast: Freeze            |    18 |    36 ||    54
       Throw Frost       |    28 |    36 ||    64
       Magic Dart        |       |    45 ||    45
       Throw Icicle      |       |     4 ||     4
  Use: Potion            |       |     4 ||     4
 Stab: Sleeping          |     2 |     3 ||     5
  Eat: Chunk             |     2 |     7 ||     9
Armor: Robe              |     7 |     5 ||    12
       Mottled dragon ar |     9 |     5 ||    14
Dodge: Dodged            |    27 |    33 ||    60

Vault maps used:
D:1:      scummos_arrival_gate, minmay_misc_feat_tiny, minivault_11
D:2:      lemuel_doored_altar, nicolae_overflow_hidden_temple,
          old_standard_altar, kennysheep_generic_room_16
D:3:      grunt_temple_overflow_champion_of_chaos, marbit_many_paths,
          lemuel_round_altar, evilmike_ruin_ashenzari, ecumenical_altar_2
D:4:      gup_ossuary_entry_pyramid, first_bread, minmay_misc_feat_diagonals
Ossuary:  ossuary_tomb_1
